 Dungeon Crawl Stone Soup version 0.31-a0-185-g9dded2c639 (webtiles) character file.

Game seed: 10126565138686476721

23 qw the Shooter (level 2, 0/16 HPs)
             Began as a Deep Elf Hunter on June 22, 2023.
             Succumbed to an adder's poison
             ... on level 2 of the Dungeon.
             The game lasted 00:00:12 (442 turns).

qw the Shooter (Deep Elf Hunter)                     Turns: 442, Time: 00:00:13

Health: 0/16       AC:  3    Str:  8    XL:     2   Next: 72%
Magic:  4/4        EV: 12    Int: 13    God:
Gold:   17         SH:  0    Dex: 18    Spells: 1/1 levels left

rFire   . . .        Y - +0 shortbow
rCold   . . .        (shield currently unavailable)
rNeg    . . .        c - +0 leather armour
rPois   .            (no helmet)
rElec   .            (no cloak)
rCorr   .            (no gloves)
SInv    .            (no boots)
Will    .....        (no amulet)
Stlth   ++           (no ring)
HPRegen 0.22/turn    (no ring)
MPRegen 0.09/turn

%: no passive effects
@: lethally poisoned (0 -> -2)
A: no striking features
a: no special abilities


You were on level 2 of the Dungeon.
You visited 1 branch of the dungeon, and saw 2 of its levels.

You collected 17 gold pieces.


   Skills:
 - Level 1.5 Fighting
 + Level 6.4 Ranged Weapons
 - Level 2.4 Dodging
 - Level 1.2 Stealth


You had one spell level left.
You didn't know any spells.
Your spell library was empty.

Inventory:

Hand Weapons
 Y - a +0 shortbow (weapon)
Armour
 c - a +0 leather armour (worn)
Potions
 g - a potion of mutation {unknown}

Dungeon Overview and Level Annotations

Branches:
Dungeon (2/15)

Altars:


Message History

Where to? (* - list waypoints, ? - help)
What level of the Dungeon? (default 1, ? - help)
There is a stone staircase leading down here.
You climb downwards.
There is a stone staircase leading up here.
Waypoint 1 assigned to D:2.
An adder comes into view.
You shoot an arrow. The arrow hits the adder!
The adder hisses angrily.
The adder is severely wounded.
The adder barely misses you.
You shoot an arrow. The arrow closely misses the adder.
The adder bites you but does no damage.
You shoot an arrow. The arrow misses the adder.
You feel your willpower return. The adder bites you.
The adder bites you but does no damage.
You shoot an arrow. The arrow hits the adder.
The adder is severely wounded.
The adder bites you.
You are poisoned.
The adder poisons you! The adder closely misses you.
You shoot an arrow. The arrow barely misses the adder.
You feel sick. The adder barely misses you.
You shoot an arrow. The arrow closely misses the adder.
You feel sick. The adder bites you but does no damage. The adder bites you.
You are lethally poisoned!
The adder poisons you!
You shoot an arrow. The arrow hits the adder!
You kill the adder!
You feel sick.
There is a lethal amount of poison in your body!
You feel sick.
There is a lethal amount of poison in your body!
You feel sick.
There is a lethal amount of poison in your body!
You feel sick.
There is a lethal amount of poison in your body!
You feel sick.
There is a lethal amount of poison in your body!
You die...

#<# #.# #.#
##############.##
#...............#
#.###############
#.# #.# #@#
........#
#########


There were no monsters in sight!

Vanquished Creatures
  An adder (D:2)
  A goblin (D:1)
  A hobgoblin (D:1)
  3 jackals (D:1)
  A quokka (D:1)
  2 ball pythons (D:1)
  A frilled lizard (D:1)
  2 kobolds (D:1)
  2 rats (D:1)
14 creatures vanquished.

Notes
Turn   | Place    | Note
-------+----------+-------------------------------------------
     0 | D:1      | qw the Deep Elf Hunter began the quest for the Orb.
     0 | D:1      | Reached XP level 1. HP: 12/12 MP: 3/3
     0 | D:1      | 0 ||| qw: Version: 0.3-a-9-g12657ce
     0 | D:1      | 0 ||| qw: Game counter: 1669
     0 | D:1      | 0 ||| qw: Always use a shield: true
     0 | D:1      | 0 ||| qw: God list: Okawaru
     0 | D:1      | 0 ||| qw: Allow faded altars: false
     0 | D:1      | 0 ||| qw: Do Orc after D:15 true
     0 | D:1      | 0 ||| qw: Do second Lair branch before Depths: true
     0 | D:1      | 0 ||| qw: Lair rune preference: random
     0 | D:1      | 0 ||| qw: Plans: Normal
     0 | D:1      | 0 ||| PLANNING D:1-11
   162 | D:1      | Reached XP level 2. HP: 16/16 MP: 4/4
   173 | D:1      | Reached skill level 6 in Ranged Weapons
   391 | D:1      | 391 ||| READING scroll labelled QEEROH IMOPLI.
   392 | D:1      | 392 ||| READING scroll labelled CEZISSUSUA.
   393 | D:1      | 393 ||| READING scroll labelled XAUNON HAOSOD.
   394 | D:1      | 394 ||| DROPPING scroll of butterflies.
   438 | D:2      | HP: 3/16 [poisoned by an adder]
   441 | D:2      | HP: 1/16 [poisoned by an adder]
   442 | D:2      | Succumbed to an adder's poison

Levels and vault maps discovered:
D:1:      co_arrival_hexagon_in_a_hexagon, layout_basic,
          hangedman_decor_clover_reticule, grunt_decor_one_mirror, st_stairs_9,
          chequers_serial_rivers_micro_b
D:2:      layout_basic, basic_altar, dk_noncrumbling_4,
          hangedman_abyss_or_decor_stabs

Skill      XL: |  1  2 |
---------------+-------+-----
Ranged Weapons | 6 |  6.4
Fighting       | |  1.5
Dodging        | |  2.4
Stealth        | |  1.2

Action                     || total
---------------------------++-------
   Fire: Shortbow          ||    46
    Use: Scroll            ||     3
 Armour: Leather armour    ||     5
  Dodge: Dodged            ||    17

Table legend:
 A = Non-vault XP
 B = Vault XP
 C = Vault XP percentage of total XP
 D = Non-vault monster count
 E = Vault monster count
 F = Vault count percentage of total count
                 A         B        C        D         E       F
            +---------+---------+-------+---------+---------+-------
      Total |      29 |       4 |  12.1 |      11 |       3 |  21.4
            +---------+---------+-------+---------+---------+-------
        D:1 |      15 |       4 |  21.1 |      10 |       3 |  23.1
        D:2 |      14 |       0 |   0.0 |       1 |       0 |   0.0
            +---------+---------+-------+---------+---------+-------
